 Dungeon Crawl Stone Soup version 0.30-a0-591-g3c58d2bc28 (webtiles) character file.

Game seed: 5780415496665088161

4 drugrobin the Sneak (level 1, 0/18 HPs)
             Began as a Demigod Delver on Jan 6, 2023.
             Succumbed to an adder's poison
             ... on level 4 of the Dungeon.
             The game lasted 00:01:14 (180 turns).

drugrobin the Sneak (Demigod Delver)                 Turns: 180, Time: 00:01:15

Health: 0/18       AC:  3    Str: 13    XL:     1   Next: 46%
Magic:  3/3        EV: 11    Int: 12    God:
Gold:   46         SH:  0    Dex: 15    Spells: 0/0 levels left

rFire   . . .      SeeInvis .      - Unarmed
rCold   . . .      Faith    .    (no shield)
rNeg    . . .      Spirit   .    a - +0 leather armour
rPois   .          Reflect  .    (no helmet)
rElec   .          Harm     .    (no cloak)
rCorr   .          Rampage  .    (no gloves)
Will    .....                    (no boots)
Stlth   +++                      (no amulet)
HPRegen 0.23/turn                (no ring)
MPRegen 0.08/turn                (no ring)

@: lethally poisoned (0 -> -2), hasted, very quick
A: high MP 1, forlorn, divine attributes
a: no special abilities


You were on level 4 of the Dungeon.
You visited 1 branch of the dungeon, and saw 2 of its levels.

You collected 46 gold pieces.

Inventory:

Armour
 a - a +0 leather armour (worn)
 d - a +0 ring mail
Wands
 f - a wand of digging (3)
Scrolls
 b - a scroll of fog
 g - a scroll of identify {unknown}
 h - a scroll of amnesia {unknown}


   Skills:
 - Level 2.6 Fighting
 - Level 1.7 Dodging
 - Level 4.5 Stealth
 + Level 2.2 Unarmed Combat


You couldn't memorise any spells.
You didn't know any spells.
Your spell library was empty.

Dungeon Overview and Level Annotations

Branches:
Dungeon (5/15)
 Temple: D:4-7


Innate Abilities, Weirdness & Mutations

You have an increased reservoir of magic. (+10% MP)
You shall have no god before yourself.
Your divine heritage dramatically boosts your attributes as you level up.


Message History

You are poisoned.
The adder poisons you! The ball python bites you. The ball python misses you.
The adder bites you.
You are lethally poisoned!
The adder poisons you!
A white imp comes into view.
Found 12 gold pieces.
You feel very sick.
An adder comes into view.
You feel sick.
The white imp shouts, "Relinquish hope, thou infectious dizzy-eyed tiler!"
A hobgoblin comes into view.
You feel sick.
The hobgoblin shouts!
* * * LOW HITPOINT WARNING * * *
You feel sick.
Unknown command.
* * * LOW HITPOINT WARNING * * *
You feel sick.
Unknown command.
Unknown command.
* * * LOW HITPOINT WARNING * * *
You feel sick.
Unknown command.
Unknown command.
* * * LOW HITPOINT WARNING * * *
You feel sick. The hobgoblin closely misses you.
Unknown command.
Unknown command.
* * * LOW HITPOINT WARNING * * *
You feel sick.
Unknown command.
Unknown command.
Unknown command.
* * * LOW HITPOINT WARNING * * *
You feel sick.
You aren't carrying any potions.
Unknown command.
Unknown command.
You die...

,,,,<,,**,**,,,,,,,,*,,,,,,,,,,,*
*,,,,,,,,,,,..##**,,,,,,,,,,,,,,*
*,,,,,,,>,,,,.#.,,,,,,,,,,,,,,,.#
,,,,,,,,,,,**...,,,**,,,,,,,,*#..
,,,,,,,**,,***..,******,,,,,,,#..
,,,,,,,**,,,**#.## *,..,,,,.##.
,,,,,,,,**,*###..# *##..,,,,....
,,,,,,,**#.##....####...#,,....#.
,*,,,,***.......@#.......,*#.....
***,,,,,......#..........,*#.....
* ****,,.....*##g..#####.,,,....#
*,,,#....* #..##(..##,,,##..#
*,,,.....###S.#(#.#.#......#.
*,,,.......#r.#((#..#.#....#.
*,,,....S.S5S.#(#(#.#.#......
***,,,..........##((.##S*......
**,,,,,*##.....#.###.###.....#..


You could see 8 dancing weapons, 2 adders, a white imp, a quokka and a
hobgoblin.

Vanquished Creatures
  An endoplasm (D:4)
  A goblin (D:4)
  A hobgoblin (D:4)
  A ball python (D:4)
4 creatures vanquished.

Notes
Turn   | Place    | Note
-------+----------+-------------------------------------------
     0 | D:5      | drugrobin the Demigod Delver began the quest for the Orb.
     0 | D:5      | Reached XP level 1. HP: 18/18 MP: 3/3
    24 | D:5      | Noticed a scorpion
   118 | D:5      | Noticed an iguana
   155 | D:4      | Noticed a +0 falchion
   155 | D:4      | Noticed a +0 short sword
   155 | D:4      | Noticed a +0 spear
   156 | D:4      | Noticed a +0 dagger
   156 | D:4      | Noticed a +0 short sword
   157 | D:4      | Noticed a +0 spear
   157 | D:4      | Noticed a +0 dagger
   163 | D:4      | Noticed an orc wizard
   166 | D:4      | Noticed an orc priest
   170 | D:4      | Noticed a +0 falchion
   180 | D:4      | Succumbed to an adder's poison

Illustrated notes

Levels and vault maps discovered:
D:4:      layout_cave_pools, nicolae_uskayaw_en_pointe, uniq_robin,
          uniq_menkaure
D:5:      nicolae_cairo_tiling_large, layout_basic, mainiacjoe_overflow_paths,
          minmay_temple_entry_hall, serial_shops, nicolae_stop_n_shop_2

Skill      XL: |  1 |
---------------+----+-----
Unarmed Combat | 2 |  2.2
Fighting       | |  2.6
Dodging        | |  1.7
Stealth        | |  4.5

Action                   || total
-------------------------++-------
Melee: Unarmed           ||    12
       Punch             ||     1
  Use: Scroll            ||     2
       Potion            ||     1
 Stab: Sleeping          ||     2
Armor: Leather armour    ||     1
Dodge: Dodged            ||     5

Table legend: (Time is in decaauts)
 A = Elapsed time spent in this place.
 B = Non-inter-level travel time spent in this place.
 C = Inter-level travel time spent in this place.
 D = Time resting spent in this place.
 E = Time spent auto-exploring this place.
 F = Levels seen in this place.
 G = Mean time per level.
                   A        B        C        D        E       F      G
               +--------+--------+--------+--------+--------+-----+--------+
         Total |    176 |    176 |      0 |      0 |      9 |   2 |   88.0 |
       Dungeon |    176 |    176 |      0 |      0 |      9 |   2 |   88.0 |
               +--------+--------+--------+--------+--------+-----+--------+

Top non-repeatable levels by time:
     D:4: 114 daAuts
     D:5: 62 daAuts
